cohdb
Replays
Latest Replays
All Replays
Popular Replays
Top Player Replays
Match Explorer
How It Works
Community
CoH3 Stats
Reddit
Sign in to upload your games and track your stats! →
Sign in with Steam
Match 45351599
Unlisted
Match 45351599
Overview
Messages
Build Orders
End
Construct Barracks
Riflemen Squad
Riflemen Squad
Riflemen Squad
M1 Mortar Team
Construct Medical Station
Mechanized Support Center
Grenade Package
Construct Motor Pool
M8 Greyhound Armored Car
Engineer Squad
M1918 Browning Automatic Rifles
Designate Forward Repair Station
M1 Anti-tank Gun Team
Riflemen Squad
M24 Chaffee Light Tank
Selects Armored Battlegroup
Selects Strength in Steel
Selects Assault Engineers
Selects Seek and Destroy
M8 Greyhound Armored Car
Selects M4A3E8 Sherman Combat Group
M4A3E8 Sherman Combat Group
Improvised Armor
Salvage Crew
Rapid Repairs
M4A3E8 Sherman Combat Group
Penetron2000
Markov666
pagep
7k this year for sure
0
0
Comments
sign in to comment!
No comments posted yet!